Cogmind - Beta 13 @@@ ROGUE MODE // 2024.04.06 @ 15:38:33 Player: Razor Feather Result: Destroyed by Y-45 Defender with Heavy Assault Rifle Performance ------------- Evolutions (2) 1000 Regions Visited (4) 800 Robots Destroyed (35) 175 Value Destroyed (1112) 1112 Prototype IDs (2) 40 Alien Tech Used (0) 0 Bonus (0) 0 TOTAL SCORE: 3127 Bonus ------- None Cogmind --------- Core Integrity 0/550 Matter 166/300 Energy 13/100 System Corruption 3% Temperature Cool (4) Movement Walking (90) Location -8/Storage Parts ------- > --- POWER (1) -------- (None) > --- PROPULSION (2) --- VSS Leg VSS Leg > --- UTILITY (4) ------ Large Storage Unit Hacking Suite Hacking Suite > --- WEAPON (4) ------- (None) > --- INVENTORY (15) --- Light Nuclear Core VSS Leg VSS Leg VSS Leg VSS Leg Hover Unit Improved Heat Sink Improved Targeting Computer Drone Bay (2/2) Peak State ------------ > --- POWER ------------ Light Angular Momentum Engine > --- PROPULSION ------- Light Treads Light Treads > --- UTILITY ---------- Improved Heat Sink Advanced Heat Sink Large Storage Unit Actuator Array > --- WEAPON ----------- Beam Rifle Field Laser Minigun Heavy Flail > --- INVENTORY -------- Light Nuclear Core Improved Heat Sink Improved Heat Sink Large Storage Unit Large Matter Pod Improved Targeting Computer Improved Targeting Computer Medium Armor Plating Medium Armor Plating Hacking Suite Katana [Rating: 32] Favorites ----------- Power Light Ion Engine Engine Light Ion Engine Power Core Light Nuclear Core Propulsion Aluminum Leg Treads Light Treads Leg Aluminum Leg Wheel Wheel Hover Unit Hover Unit Utility Large Storage Unit Device Improved Heat Sink Storage Large Storage Unit Hackware Hacking Suite Protection Light Armor Plating Weapon Light Assault Rifle Energy Gun Beam Rifle Ballistic Gun Light Assault Rifle Launcher Grenade Launcher Special Weapon Flamer Impact Weapon Heavy Flail Build | -11 -10 -10 -8 -8 ------- Run | Yrd Mat Sub Mat Sto Slots Evolved 4 | . . . 4 . Power . | . . . . . Propulsion . | . . . . . Utility 2 | . . . 2 . Weapon 2 | . . . 2 . Parts Attached 65 | 6 3 8 27 21 Power 6 | 1 . . 3 2 Engine 4 | 1 . . 2 1 Core 2 | . . . 1 1 Reactor . | . . . . . Propulsion 16 | 2 . 3 5 6 Treads 7 | . . . 4 3 Leg 4 | 2 . . . 2 Wheel 4 | . . 3 1 . Hover 1 | . . . . 1 Flight . | . . . . . Utility 20 | 1 2 1 7 9 Device 9 | . 1 . 3 5 Storage 5 | 1 1 1 1 1 Processor . | . . . . . Hackware 2 | . . . . 2 Protection 4 | . . . 3 1 Artifact . | . . . . . Weapon 23 | 2 1 4 12 4 Energy Gun 9 | . . . 6 3 Energy Cannon . | . . . . . Ballistic Gun 11 | 2 . 4 4 1 Ballistic Cannon . | . . . . . Launcher 1 | . 1 . . . Special Weapon 1 | . . . 1 . Impact Weapon 1 | . . . 1 . Slashing Weapon . | . . . . . Piercing Weapon . | . . . . . Special Melee Weapon . | . . . . . Unidentified Prototypes . | . . . . . Parts Lost 25 | . . 3 10 12 Power 3 | . . . 2 1 Propulsion 7 | . . 2 2 3 Utility 4 | . . . 1 3 Weapon 11 | . . 1 5 5 Highest Loss Streak 12 | . . 3 5 12 To Critical Strikes . | . . . . . Average Slot Usage (%) 85 | . 88 90 86 68 Engine 9 | . 14 14 4 . Core 1 | . . . 3 4 Treads 4 | . . . 11 9 Leg 9 | . 28 6 . 1 Wheel 7 | . . 20 5 . Device 9 | . 3 7 12 19 Storage 11 | . 14 14 9 6 Protection 1 | . . . 5 . Energy Gun 6 | . . . 15 15 Ballistic Gun 15 | . 15 24 15 . Launcher 4 | . 12 2 . . Impact Weapon 1 | . . . 1 5 Naked Turns 13 | . . . . 13 Heaviest Build 233 | 10 28 211 233 45 Greatest Support 40 | 20 20 30 40 40 Greatest Overweight (x) 21 | . 1 7 21 3 Average Overweight (x) 1 | . . 2 3 . Largest Inventory Capacity 35 | 8 15 35 35 15 Average Capacity 18 | 6 13 23 22 11 Most Carried 26 | 5 10 26 25 15 Average Carried 12 | 2 6 14 16 11 Final Capacity 35 | 8 15 35 15 15 Final Carried 26 | 2 10 26 15 9 Class Distribution -------------------- 46% | Mutant 14% | Scavenger-Gunner 13% | Scavenger-Tank 12% | Hauler-Mutant 7% | Hauler-Tank 4% | Hauler-Gunner Dominant Class ---------------- Mutant | -10/Materials Mutant | -10/Subcaves Scavenger-Tank | -8/Materials Scavenger-Gunner | -8/Storage Resources | -11 -10 -10 -8 -8 ----------- Run | Yrd Mat Sub Mat Sto Matter Collected 1163 | 221 103 133 627 79 Remotely . | . . . . . Salvage Created 1255 | . 162 44 889 160 Parts 74 | . 17 2 49 6 Haulers Intercepted 2 | . 1 . . 1 Recyclers Shooed . | . . . . . Parts Field Recycled . | . . . . . Retrieved Matter . | . . . . . Parts Self-Destructed 6 | . . 6 . . Prevented . | . . . . . Kills | -11 -10 -10 -8 -8 ------- Run | Yrd Mat Sub Mat Sto Combat Hostiles Destroyed 28 | . 8 2 16 2 Guns 20 | . 1 2 16 1 AOE 7 | . 7 . . . Classes Destroyed 10 | . 4 1 5 . Builder 1 | . . . 1 . Hauler 2 | . 1 . . 1 Operator 2 | . . . 1 1 Watcher 2 | . 1 . 1 . Swarmer 7 | . 6 1 . . Grunt 13 | . 2 . 9 2 Brawler 2 | . . . 2 . Duelist 1 | . . . 1 . Sentry 4 | . . . 4 . Subdweller 1 | . . 1 . . Best Kill Streak 8 | . 6 1 8 1 Combat Bots Only 8 | . 6 1 8 1 Max Kills in Single Turn 3 | . 3 1 2 1 Gunslinging 1 | . . . 1 . Exploded 2 | . 2 . . . Melee . | . . . . . Uniques/NPCs Destroyed . | . . . . . Combat | -11 -10 -10 -8 -8 -------- Run | Yrd Mat Sub Mat Sto Hostile Shots Fired 346 | . 27 31 153 135 Missed 105 | . 11 11 40 43 Damage Taken 3747 | . 200 380 1776 1391 Core 723 | . 37 126 223 337 Absorbed by Shields . | . . . . . Core Remaining (%) 67 | 100 . 34 . . Volleys Fired 119 | . 26 25 55 13 Largest 4 | . 2 2 4 3 Hottest 245 | . 50 50 245 190 Shots Fired 279 | . 30 31 185 33 Gun 272 | . 26 30 183 33 Cannon . | . . . . . Launcher 5 | . 4 1 . . Special 2 | . . . 2 . Kinetic 212 | . 26 30 150 6 Thermal 56 | . . . 29 27 Explosive 5 | . 4 1 . . Electromagnetic 6 | . . . 6 . Robot Hit Streak 16 | . 3 16 14 9 Robot Miss Streak 4 | . 4 2 3 3 Penetration Max . | . . . . . Secondary Targets 9 | . . . 7 2 Max Gunslinging Chain 1 | . . . 1 1 Shots Hit Robots 184 | . 13 22 126 23 Core Hits 82 | . 15 5 54 8 Critical Kills . | . . . . . Critical Parts Destroyed 1 | . . . 1 . Critical Strikes 3 | . . . 1 2 Burn 2 | . . . . 2 Destroy 1 | . . . 1 . Melee Attacks . | . . . . . Impact . | . . . . . Slashing . | . . . . . Piercing . | . . . . . Sneak Attacks . | . . . . . Combat Hostiles . | . . . . . Follow-up Attacks . | . . . . . Damage Inflicted 2696 | . 515 180 1581 420 Guns 2258 | . 104 180 1569 405 Cannons . | . . . . . Explosions 403 | . 403 . . . Melee . | . . . . . Ramming 23 | . 8 . . 15 Kinetic 1650 | . 104 180 1268 98 Thermal 546 | . . . 239 307 Explosive 403 | . 403 . . . Electromagnetic 74 | . . . 74 . Impact . | . . . . . Slashing . | . . . . . Piercing . | . . . . . Highest Corruption 3 | . . . 3 3 Average Corruption 3 | . . . 3 3 Corruption Purged . | . . . . . Corruption Blocked . | . . . . . Effects 11 | . . . 4 7 Message Errors 3 | . . . 2 1 Matter Fused 3 | . . . 1 2 Heat Flow Errors 2 | . . . 1 1 Energy Discharges 3 | . . . . 3 Overload Shots . | . . . . . Overflow Damage 5 | . 5 . . . Projectiles . | . . . . . Explosions 5 | . 5 . . . Melee . | . . . . . Knockbacks . | . . . . . Impact . | . . . . . Kinetic . | . . . . . Secondary . | . . . . . Self-Inflicted Damage 32 | . . 25 . 7 Shots 1 | . . 1 . . Rammed 1 | . . . . 1 Targets Rammed 2 | . 1 . . 1 Kicked 1 | . 1 . . . Crushed . | . . . . . Highest Temperature 321 | . 10 . 321 150 Average Temperature 110 | . 7 . 133 39 Received Heat Transfer 1764 | . 12 96 945 711 Effects 2 | . . . 2 . Interference 2 | . . . 2 . Siege Activations . | . . . . . Robots Corrupted . | . . . . . Combat Hostiles . | . . . . . Parts Fried . | . . . . . Impact Corruptions . | . . . . . Robots Melted 1 | . . . . 1 Combat Hostiles 1 | . . . . 1 Parts Melted 1 | . . . 1 . Heat Transferred 1486 | . . . 635 851 Parts Sabotaged . | . . . . . Parts Stolen . | . . . . . Parts Stripped . | . . . . . Power Chain Reactions . | . . . . . Alert | -11 -10 -10 -8 -8 ------- Run | Yrd Mat Sub Mat Sto Peak Influence 300 | . 252 . 300 103 Initial 74 | . . . . 74 Average 145 | . 143 . 190 55 Maximum Alert Level 1 | . 1 . 1 . Low Security (%) 65 | 100 55 . 58 100 Level 1 34 | . 44 . 41 . Level 2 . | . . . . . Level 3 . | . . . . . Level 4 . | . . . . . Level 5 . | . . . . . High Security . | . . . . . Max Security . | . . . . . Squads Dispatched 7 | . . . 5 2 Investigation . | . . . . . Extermination . | . . . . . Reinforcement 3 | . . . 2 1 Assault . | . . . . . Garrison 4 | . . . 3 1 Intercept . | . . . . . Searches Triggered . | . . . . . Construction Impeded . | . . . . . Haulers Reinforced . | . . . . . Active Scanning Responses . | . . . . . Cargo Convoy Interrupts . | . . . . . Stealth | -11 -10 -10 -8 -8 --------- Run | Yrd Mat Sub Mat Sto Distress Signals 2 | . 2 . . . Communications Jammed . | . . . . . Distress Signals . | . . . . . Times Spotted 51 | . 14 5 20 12 Peak Tracking Total 11 | . 5 3 5 11 Tactical Retreats 2 | . 1 . . 1 Traps | -11 -10 -10 -8 -8 ------- Run | Yrd Mat Sub Mat Sto Traps Triggered 5 | . 2 . . 3 Indirectly . | . . . . . Trap Hack Attempts . | . . . . . Triggered . | . . . . . Disarmed . | . . . . . Reprogrammed . | . . . . . Reused . | . . . . . Traps Extracted . | . . . . . Installed . | . . . . . Triggered . | . . . . . Machines | -11 -10 -10 -8 -8 ---------- Run | Yrd Mat Sub Mat Sto Machines Disabled 2 | . 1 . 1 . Max in Single Turn 1 | . 1 . 1 . Machines Repaired . | . . . . . Machines Dismantled . | . . . . . Machines Sabotaged . | . . . . . Overloaded Fab Kills . | . . . . . Hacking | -11 -10 -10 -8 -8 --------- Run | Yrd Mat Sub Mat Sto Machines Accessed 6 | . 4 . . 2 Terminals 6 | . 4 . . 2 Fabricators . | . . . . . Repair Stations . | . . . . . Recycling Units . | . . . . . Scanalyzers . | . . . . . Garrison Access . | . . . . . Total Hacks 9 | . 6 . . 3 Successful 7 | . 5 . . 2 Failed 2 | . 1 . . 1 Catastrophic . | . . . . . Database Lockouts . | . . . . . Manual . | . . . . . Terminals 9 | . 6 . . 3 Fabricators . | . . . . . Repair Stations . | . . . . . Recycling Units . | . . . . . Scanalyzers . | . . . . . Garrison Access . | . . . . . Terminal Hacks 7 | . 5 . . 2 Robot Analysis 1 | . . . . 1 Prototype ID Bank 1 | . 1 . . . Open Door 1 | . . . . 1 Branch Access Points 1 | . 1 . . . Dispatch Records 1 | . 1 . . . Hauler Manifests 1 | . 1 . . . Zone Layout 1 | . 1 . . . Fabricator Hacks . | . . . . . Repair Station Hacks . | . . . . . Recycling Unit Hacks . | . . . . . Scanalyzer . | . . . . . Garrison Access Hacks . | . . . . . Unauthorized Hacks . | . . . . . Terminals . | . . . . . Fabricators . | . . . . . Repair Stations . | . . . . . Recycling Units . | . . . . . Scanalyzers . | . . . . . Garrison Access . | . . . . . Data Cores Recovered . | . . . . . Used . | . . . . . Hacking Detections 2 | . 1 . . 1 Full Trace Events . | . . . . . Feedback Events . | . . . . . Feedback Blocked . | . . . . . Robot Schematics Acquired . | . . . . . Robots Built . | . . . . . Authchips . | . . . . . Time . | . . . . . Total Robot Build Rating . | . . . . . Part Schematics Acquired . | . . . . . Parts Built . | . . . . . Authchips . | . . . . . Time . | . . . . . Total Part Build Rating . | . . . . . Parts Repaired . | . . . . . Time . | . . . . . Parts Recycled . | . . . . . Recycled Matter . | . . . . . Retrieved Matter . | . . . . . Retrieved Components . | . . . . . Parts Scanalyzed . | . . . . . Part Schematics Acquired . | . . . . . Parts Damaged . | . . . . . Bothacking | -11 -10 -10 -8 -8 ------------ Run | Yrd Mat Sub Mat Sto Used RIF Installer . | . . . . . Robots Hacked . | . . . . . Non-combat . | . . . . . Combat . | . . . . . Robot Hacks Applied . | . . . . . Relay Couplers Released . | . . . . . Fabnet Peak Effective % . | . . . . . Robots Rewired . | . . . . . Allies Hacked . | . . . . . Hacks Repelled . | . . . . . Allies | -11 -10 -10 -8 -8 -------- Run | Yrd Mat Sub Mat Sto Total Allies . | . . . . . Largest Group . | . . . . . Highest-Rated Group . | . . . . . Highest-Rated Ally . | . . . . . Total Orders 2 | . . . . 2 EXPLORE 2 | . . . . 2 Ally Attacks . | . . . . . Total Damage . | . . . . . Kills . | . . . . . Allies Corrupted . | . . . . . Allies Melted . | . . . . . Intel | -11 -10 -10 -8 -8 ------- Run | Yrd Mat Sub Mat Sto Robot Analysis Total 1 | . . . . 1 Derelict Logs Recovered 2 | . . 2 . . Drone Launches 8 | . . . . 8 Drone Recoveries 5 | . . . . 5 Exploration | -11 -10 -10 -8 -8 ------------- Run | Yrd Mat Sub Mat Sto Turns Passed 2346 | 48 644 630 747 277 Spaces Moved 1147 | 42 328 385 227 165 Core 87 | 21 . . . 66 Treads 208 | . . . 160 48 Legs 428 | 21 328 65 . 14 Wheels 387 | . . 320 67 . Hover 37 | . . . . 37 Flight . | . . . . . Fastest Speed 50 | 50 120 95 125 50 Average Speed 161 | 85 176 140 226 111 Slowest Speed 395 | 120 190 190 395 240 Overloaded Moves . | . . . . . Propulsion Burnouts . | . . . . . Robots Hopped . | . . . . . Cave-ins Triggered . | . . . . . Exploration Rate (%) 26 | 3 49 28 14 39 Regions Visited 4 Branch Regions 2 Pre-discovered Areas 1 | . . 1 . . Known Exits Taken . | . . . . . Unknown Exits Taken 4 | 1 1 1 1 . Scrap Searched . | . . . . . Spaces Dug . | . . . . . Terrain Destroyed 36 | . 32 4 . . Melee . | . . . . . Projectile . | . . . . . AOE 36 | . 32 4 . . Terrain Rammed . | . . . . . Walls Destroyed . | . . . . . Machines Disabled . | . . . . . Actions | -11 -10 -10 -8 -8 --------- Run | Yrd Mat Sub Mat Sto Total 1450 | 53 366 446 353 232 Wait 8 | . . . 1 7 Move 1143 | 41 327 384 226 165 Hop . | . . . . . Pick Up 72 | 6 9 27 19 11 Fast Attach 23 | 2 . 1 8 12 Attach 27 | 4 1 3 11 8 Detach 1 | . . . . 1 Swap 15 | . 2 4 8 1 Drop 35 | . . 2 21 12 Fire 119 | . 26 25 55 13 Melee . | . . . . . Ram 1 | . . . . 1 Kick 1 | . 1 . . . Crush . | . . . . . Escape Stasis . | . . . . . Rewire 1 | . . . . 1 Trap . | . . . . . Miscellaneous 4 | . . . 4 . Route ------- -11/Scrapyard -10/Materials (discovered 4 exits: [*Mat] / *Min x2 / [*Sub]) -10/Subcaves -8/Materials -8/Storage History --------- Turn | Location | Event 8 | -11/Scrapyard | Discovered new exit (range 16) 49 | -11/Scrapyard | Entered Materials 118 | -10/Materials | Discovered new exit (range 15) 301 | -10/Materials | Build established: Mutant 353 | -10/Materials | Discovered new exit (range 7) 481 | -10/Materials | Identified exit to Mines 535 | -10/Materials | Discovered new exit (range 16) 670 | -10/Materials | Discovered new exit (range 13) 693 | -10/Materials | Entered Subcaves 782 | -10/Subcaves | A swath of the cavern ceiling suddenly collapsed 846 | -10/Subcaves | Core integrity fell below 50% 878 | -10/Subcaves | Lost 3 parts (2n1w) 1174 | -10/Subcaves | Shifting Twisted Machinery released Flamer 1179 | -10/Subcaves | Shifting Twisted Machinery released Mak. Light Armor Plating 1262 | -10/Subcaves | Learned location of Recycling (-8) 1304 | -10/Subcaves | Discovered new exit (range 10) 1306 | -10/Subcaves | Learned Materials trap positions 1323 | -10/Subcaves | Entered Materials 1323 | -8/Materials | Evolved 4 slots: Utility x2, Weapon x2 1324 | -8/Materials | Loaded intel: 20 trap records 1327 | -8/Materials | Discovered new exit (range 14) 1368 | -8/Materials | Garrison activated, responded to threat 1431 | -8/Materials | Destroyed 8 combat bots 1557 | -8/Materials | Lost 5 parts (2n1u2w) 2070 | -8/Materials | Entered Storage 2206 | -8/Storage | Garrison activated, responded to threat 2231 | -8/Storage | Core integrity fell below 50% 2279 | -8/Storage | Lost 12 parts (1p3n3u5w) 2287 | -8/Storage | Core integrity fell below 20% 2316 | -8/Storage | Lost 3 allies 2347 | -8/Storage | Destroyed by Y-45 Defender with Heavy Assault Rifle Last Messages --------------- 02281_ >> Lost connection to Drone. 02282_ Acquired 12 matter. 02283_ Attempting to rewire Drone. 02283_ Drone cannot be rewired. 02283_ Drone destroyed. 02284_ Acquired 8 matter. 02285_ Drone destroyed. 02297_ Slammed into O-16 Technician. 02297_ O-16 Technician destroyed. 02298_ Acquired 14 matter. 02298_ Acquired Hacking Suite. 02301_ Acquired Hover Unit. 02306_ Acquired 45 matter. 02308_ Drone released from Drone Bay. 02310_ System corrupted: Matter fused (-5). 02314_ R-06 Scavenger inserts Imp. Heat Sink into recycling unit. 02324_ Drone retrieved by Drone Bay. 02325_ Acquired VSS Leg. 02329_ Drone retrieved by Drone Bay. 02333_ Acquired VSS Leg. Map ----- +----------------------------------------------------+ | ????????????????# # * # """"???#?? | | ????????????????# """ # #?"""??????? | | ????????????????# "?"""" # % #? ?????? | | ????????????????# "????" / #??##??????? | | ????????????????# "????" # #####??????????? | | ????????????????# """"?" # #??????????????? | | ????????????????# """ # #??????????????? | | ????????????????# # #??????????????? | | ????????????????########### #???####?#?????? | | ????????????????####### ### ####"T"# ##????? | | ????????????????# # # #????? | | ????????????????# """ # # """ ** #????? | | ????????????????# "Y" # # "R" * #????? | | ?????????????#""" / + " " #????? | | ?????????????#"T !! # # """ #????? | | ?????????????#""" %! # # """ #????? | | ??????????????### # # """ ?????? | | ????????????????# # # #????? | | ????????????????########### ###"T""####????? | | ??????????????????????????# #??""""#???????? | | ??????????????????######??# #??#####???????? | | ??????????????????# #### #??????????????? | | ??????????????????# g #T##Y #??????????????? | | ??????????????????# Y "g Y w#??????????????? | | ??????????????????#== Yg # #??????????????? | | ??????????????????#==@ " # +??????????????? | | ??????????????????#== # # #??????????????? | | ??????????????????######### #??????????????? | | ??????????????????????????# #??????????????? | | ?????????????????????????? ??????????????? | | ?????????????????????????# ?????????????? | | ?????????????????????????# ????????????? | | ?????????????????????????# ????????????? | | ?????????????????????????# ###???????????? | | ?????????????????????????#######?????????????? | | ?????????????????????????????????????????????? | | ?????????????????????????????????????????????? | | ?????????????????????????????????????????????? | | ?????????????????????????????????????????????? | | ?????????????????????????????????????????????? | | | | | | | | | | | | | | | | | | | | | +----------------------------------------------------+ Best States ------------- Heat Dissipation 64 Energy Generation 18 Energy Capacity 265 Matter Stores 300 Matter Capacity 300 Sight Range 16 Terrain Scan Density 10 Armor Coverage 800 Evasion (%) 55 Recoil Reduction 2 Offensive Hacking 20 Item Schematics ----------------- None Robot Schematics ------------------ None Fabricated ------------ Nothing Alien Tech Used ----------------- None Achievements -------------- Release The Drones! Challenges ------------ None Game ------ Seed MyomerBurstShifter Manual? 0 Play Time 00:30:07 Cumulative 13.4 hours Start 2024.04.06 @ 15:08:24 End 2024.04.06 @ 15:38:33 Sessions 1 Manual Loads 0 Difficulty Rogue Special Mode None Game No. 15 Rogue 15 Adventurer 0 Explorer 0 Win Type - Total 0 Types 0/0/0/0/0/0/0/0/0 Lore% 15 Gallery% 20 Achievement% 17 Wizard Run 0 Options --------- Layout 0 ASCII 0 Keyboard 0 Movement Arrows Keybinds 0 Fullscreen 1 Font 18/SmallcapsGlow Map View 76x50 Zoom Use 0% Tactical HUD 1 Map Filters NONE Filters NONE Steam 1 RUN: 2d015655-c9b0-4132-a7f4-daed799912d1